 Dungeon Crawl Stone Soup version 0.28-a0-1404-g4df0f3684d (webtiles) character file.

Game seed: 12664417574514636431

1782 frimble the Cutter (level 8, -2/57 (58) HPs)
             Began as a Demonspawn Warper on Jan 6, 2022.
             Was an Elder of Cheibriados.
             Killed by nerve-wracking pain
             ... invoked by an orc priest
              (11 damage)
             ... on level 7 of the Dungeon.
             The game lasted 00:06:57 (6188 turns).

frimble the Cutter (Demonspawn Warper)              Turns: 6188, Time: 00:06:57

HP:   -2/57 (58)    AC:  7    Str: 21    XL:     8   Next: 81%
MP:   0/11          EV: 13    Int: 26    God:    Cheibriados [****..]
Gold: 357           SH:  0    Dex: 27    Spells: 6/11 levels left

rFire   . . .      SeeInvis .   u - +4 short sword (venom)
rCold   . . .      Faith    .   (no shield)
rNeg    . . .      Spirit   +   b - +0 leather armour
rPois   .          Reflect  .   (helmet restricted)
rElec   .          Harm     .   m - +2 cloak
rCorr   .          Rampage  .   (no gloves)
Will    .....                   r - +0 pair of boots
Stlth   +++.......              q - amulet of guardian spirit
HPRegen 0.19/turn               h - +6 ring of dexterity
MPRegen 0.12/turn               (no ring)

@: on blink cooldown, lightly drained, very slow
A: antennae 2, demonic guardian 1, spiny 1, weakness stinger 1
a: Renounce Religion, Bend Time, Temporal Distortion, Slouch


You were on level 7 of the Dungeon.
You worshipped Cheibriados.
Cheibriados was greatly pleased with you.
You visited 1 branch of the dungeon, and saw 7 of its levels.
You also visited: Ossuary.

You collected 357 gold pieces.

Inventory:

Hand Weapons
 j - a +3 dagger of venom
 u - a +4 short sword of venom (weapon)
Missiles
 a - 5 boomerangs
 d - 5 boomerangs of dispersal
 g - 21 poisoned darts (quivered)
Armour
 b - a +0 leather armour (worn)
 m - a +2 cloak (worn)
 r - a +0 pair of boots (worn)
 x - a +1 buckler
Jewellery
 h - a +6 ring of dexterity (left hand)
 q - an amulet of guardian spirit (around neck)
Wands
 y - a wand of polymorph (2)
Scrolls
 c - a scroll of blinking
 f - 4 scrolls of teleportation
 n - 3 scrolls of magic mapping
Potions
 e - 5 potions of might
 i - 8 potions of curing
 k - 3 potions of lignification {unknown}
 l - 3 potions of magic {unknown}
 o - 4 potions of attraction {unknown}
 p - a potion of degeneration {unknown}
 s - a potion of haste
 v - a potion of ambrosia
 w - a potion of flight
 z - 3 potions of mutation
Miscellaneous
 A - a lightning rod (1/4)


   Skills:
 - Level 3.4 Fighting
 + Level 4.2 Short Blades
 - Level 2.0 Throwing
 - Level 1.0 Armour
 - Level 2.4 Dodging
 - Level 3.1 Stealth
 * Level 3.5 Shields
 - Level 0.4 Unarmed Combat
 - Level 2.0 Spellcasting
 - Level 3.2 Translocations
 + Level 3.3 Transmutations
 + Level 3.5 Fire Magic
 + Level 3.7 Poison Magic
 - Level 3.6 Invocations


You had 6 spell levels left.
You knew the following spells:

 Your Spells              Type           Power      Damage    Failure   Level
a - Blink                 Tloc           38%        N/A       4%          2
b - Ignite Poison         Fire/Tmut/Pois 21%        N/A       9%          3

Your spell library contained the following spells:

 Spells                   Type           Power      Damage    Failure   Level
 Gell's Gravitas          Tloc           19%        N/A       10%         3
 Lesser Beckoning         Tloc           19%        N/A       10%         3
 Teleport Other           Tloc           19%        N/A       10%         3
 Conjure Flame            Conj/Fire      11%        6-21      17%         3
 Ensorcelled Hibernation  Hex/Ice        4%         N/A       19%         2
 Ozocubu's Armour         Ice            2%         N/A       34%         3
 Tukima's Dance           Hex            2%         N/A       34%         3
 Sticky Flame             Conj/Fire      11%        2d3       50%         4
 Petrify                  Tmut/Erth      11%        N/A       52%         4
 Manifold Assault         Tloc           19%        N/A       65%         5
 Metabolic Englaciation   Hex/Ice        1%         N/A       97%         5
 Statue Form              Tmut/Erth      7%         N/A       100%        6
 Enfeeble                 Hex            1%         N/A       100%        7
 Ozocubu's Refrigeration  Ice            1%         4d5       100%        7


Dungeon Overview and Level Annotations

Branches:
Dungeon (7/15)             Temple (0/1) D:6         Ossuary (visited)

Altars:
Cheibriados

Shops:
D:2 :


Innate Abilities, Weirdness & Mutations

You have a pair of antennae on your head.
A weak demonic guardian rushes to your aid.
You are partially covered in sharp spines.
You have a small tail.


Message History

The orc is struck by your spines. The orc closely misses you.
The steam dragon is struck by your spines.
The steam dragon bites you. The steam dragon barely misses you.
As you read the scroll of summoning, it crumbles to dust.
Wisps of shadow whirl around you... The orc hits you but does no damage.
You feel drained.
The orc priest looks braver for a moment.
The steam dragon is struck by your spines.
The steam dragon closely misses you. The steam dragon claws you.
You feel stable enough to blink again.
Your water moccasin bites the steam dragon.
The orc hits you but does no damage.
You are electrocuted!
Your water moccasin bites the orc.
The orc dies!
Cheibriados thoroughly appreciates the change of pace.
You closely miss the steam dragon.
The steam dragon is moderately wounded.
The orc priest miscasts a cantrip.
The orc hits you but does no damage.
Your iguana bites the steam dragon but does no damage.
Your shadow imp hits the steam dragon.
You barely miss the steam dragon.
The steam dragon is moderately wounded.
Your water moccasin bites the steam dragon.
The steam dragon is poisoned.
Your water moccasin poisons the steam dragon!
Your iguana barely misses the steam dragon.
The orc misses you. The steam dragon breathes steam at you.
The ball of steam hits you!
* * * LOW HITPOINT WARNING * * *
A demonic guardian appears!
Your shadow imp hits the steam dragon but does no damage.
Casting: Blink (safe; 4% risk of failure)
Confirm with . or Enter, or press ? or * to list all spells.
You blink.
Your water moccasin bites the steam dragon.
The orc priest invokes the aid of Beogh against you.
Pain shoots through your body!
You die...

...# #.##..........,,,..≈≈≈≈≈≈...
...# #.####........,,,...≈..≈≈≈≈.
...# #.###...######,,,####.#..≈≈÷
#### #.......# *,,,* #.....≈.
#####.### *,,,* ###.#.## #.#
#####*,,,* #...... #.#
#...#*,,,****#.##.#. ######.#
#...#*,,,,,,..>*#.#.
****#......###..@####,#**#*,*#..(
,,....#####.........#.##***,*###.
**#**** #.<..5...>....,**,***#.
#.....oo..#.##,,,,,,...
####§§D####.#####,#.###
#..5lS.#.......,#,***
#....#.[.#****,,,,,,*
**#######).# *,,,,,,,
*,,*≈≈≈≈≈#)#****,******


You could see a steam dragon (very poisoned, catching breath, ally target), an
orc priest, an orc (ally target), a friendly water moccasin (summoned), a
friendly iguana (summoned), a friendly shadow imp (summoned) and a friendly
ufetubus (summoned).

Vanquished Creatures
  Duvessa (D:7)
  3 ice beasts
  An orc warrior (D:6)
  An ogre (D:7)
  Blork the orc (D:6)
  2 bullfrogs
  A scorpion (D:6)
  4 water moccasin zombies
  Dowan (D:7)
  A howler monkey (D:4)
  A bullfrog zombie (D:5)
  A centaur zombie (D:5)
  3 hounds
  5 jellies
  2 orc priests
  A bullfrog skeleton (D:5)
  An iguana (D:5)
  An orc wizard (D:5)
  A hound skeleton (D:4)
  2 mummies (Ossuary)
  4 adders
  A shadow imp (D:7)
  3 ufetubi
  3 adder zombies (Ossuary)
  3 dart slugs
  11 orcs
  5 endoplasms
  A giant cockroach (D:4)
  A gnoll zombie (Ossuary)
  3 goblins
  5 hobgoblins
  3 jackals (D:1)
  3 quokkas
  2 ball pythons (D:1)
  4 bats
  17 frilled lizards
  3 hobgoblin zombies (Ossuary)
  9 kobolds
  9 kobold zombies (Ossuary)
  3 orc zombies (Ossuary)
  A quokka skeleton (D:4)
  5 rats
133 creatures vanquished.

Vanquished Creatures (collateral kills)
  2 orcs
2 creatures vanquished.

Vanquished Creatures (others)
  7 plants (D:1)
7 creatures vanquished.

Grand Total: 142 creatures vanquished

Notes
Turn   | Place    | Note
-------+----------+-------------------------------------------
     0 | D:1      | frimble the Demonspawn Warper began the quest for the Orb.
     0 | D:1      | Reached XP level 1. HP: 16/16 MP: 3/3
    98 | D:1      | Reached skill level 1 in Throwing
   102 | D:1      | Reached skill level 1 in Armour
   306 | D:1      | Discovered your monstrous ancestry.
   306 | D:1      | Gained mutation: You have a pair of small antennae on your
                  | head. [demonic ancestry]
   306 | D:1      | Reached XP level 2. HP: 22/22 MP: 5/5
   712 | D:1      | Found a faded altar of an unknown god.
  1185 | D:2      | Gained mutation: You have a pair of antennae on your head.
                  | [demonic ancestry]
  1185 | D:2      | Reached XP level 3. HP: 27/27 MP: 6/6
  1186 | D:2      | Found a snail-covered altar of Cheibriados.
  1224 | D:2      | Found Balaygaq's Book Shoppe.
  1255 | D:2      | Became a worshipper of Cheibriados the Contemplative
  1367 | D:2      | Learned a level 2 spell: Blink
  1380 | D:2      | Reached skill level 2 in Short Blades
  1380 | D:2      | Reached skill level 1 in Stealth
  1871 | D:2      | Reached * piety under Cheibriados
  2061 | D:2      | Gained mutation: You are partially covered in sharp spines.
                  | [demonic ancestry]
  2061 | D:2      | Reached XP level 4. HP: 33/33 MP: 7/7
  2642 | D:4      | Learned a level 3 spell: Ignite Poison
  2748 | D:4      | Reached skill level 1 in Invocations
  2748 | D:4      | Reached XP level 5. HP: 32/38 MP: 8/8
  2775 | D:4      | Reached skill level 1 in Fire Magic
  3026 | D:4      | Reached ** piety under Cheibriados
  3027 | D:4      | Reached skill level 1 in Poison Magic
  3148 | D:4      | Reached skill level 1 in Transmutations
  3148 | D:4      | Gained mutation: You have a small tail. [demonic ancestry]
  3148 | D:4      | Reached XP level 6. HP: 37/46 MP: 9/9
  3312 | D:5      | Entered Level 5 of the Dungeon
  3701 | D:5      | Noticed an ice beast
  3715 | D:5      | Killed an ice beast
  3723 | D:5      | Reached skill level 3 in Short Blades
  3723 | D:5      | Gained mutation: A weak demonic guardian rushes to your
                  | aid. [demonic ancestry]
  3723 | D:5      | Reached XP level 7. HP: 26/52 MP: 7/10
  4532 | D:6      | Found a staircase to the Ecumenical Temple.
  4847 | D:6      | Reached skill level 1 in Shields
  4847 | D:6      | Reached XP level 8. HP: 30/58 MP: 3/11
  4849 | D:6      | Reached *** piety under Cheibriados
  5108 | D:6      | Noticed Blork the orc
  5115 | D:6      | Killed Blork the orc
  5611 | D:7      | Found a sand-covered staircase.
  5619 | Ossuary  | Entered an ossuary
  5742 | Ossuary  | Reached skill level 4 in Short Blades
  5907 | D:7      | Reached **** piety under Cheibriados
  6137 | D:7      | Noticed Duvessa
  6139 | D:7      | Noticed Dowan
  6144 | D:7      | Killed Duvessa
  6146 | D:7      | Killed Dowan
  6188 | D:7      | Killed from afar by an orc priest

Illustrated notes

Levels and vault maps discovered:
D:1:      dpeg_arrival_orchard, layout_rooms,
          shapermc_ecumenical_altar_totnotflames, minmay_lizard_king
D:2:      layout_loops_ring, serial_shops, nicolae_shop_behind_doors,
          basic_altar
D:3:      layout_basic
D:4:      layout_layer_cave
D:5:      layout_cave_pools
D:6:      layout_loops_ring, lemuel_temple_firewalk_b, kennysheep_another_room,
          uniq_blork_the_orc
D:7:      layout_loops_cross, serial_rivers, chequers_serial_rivers_small_3,
          chequers_serial_rivers_small_a, chequers_serial_rivers_large_a,
          chequers_serial_rivers_micro_e, chequers_serial_rivers_small_b,
          chequers_serial_rivers_room_a, chequers_ossuary_entry_cave,
          nicolae_inconvenience_store, uniq_duvessa, uniq_harold, uniq_pikel

Skill      XL: |  1  2  3  4  5  6  7  8 |
---------------+-------------------------+-----
Throwing       | 1 2 |  2.0
Armour         | 1 |  1.0
Dodging        | 2 |  2.4
Translocations | 3 |  3.2
Short Blades   | 2 3 4 |  4.2
Stealth        | 1 2 3 |  3.1
Invocations    | 1 2 3 |  3.6
Fire Magic     | 1 2 3 |  3.5
Poison Magic   | 1 2 3 |  3.7
Transmutations | 1 2 3 |  3.3
Fighting       | 3 |  3.4
Shields        | 1 3 |  3.5
Unarmed Combat | |  0.4
Spellcasting   | |  2.0

Action                   |  1- 3 |  4- 6 |  7- 9 || total
-------------------------+-------+-------+-------++-------
Melee: Short sword       |    75 |       |     2 ||    77
       Punch             |     3 |     1 |     5 ||     9
       Dagger            |    46 |    73 |   132 ||   251
       Tailslap          |       |     7 |    27 ||    34
Throw: Dart              |    14 |    13 |    16 ||    43
 Cast: Blink             |       |     1 |     2 ||     3
       Ignite Poison     |       |       |     5 ||     5
Evoke: Lightning rod     |       |       |     3 ||     3
       Wand              |       |       |     2 ||     2
  Use: Scroll            |       |     6 |     9 ||    15
 Stab: Sleeping          |     4 |     2 |     5 ||    11
       Distracted        |       |     1 |     1 ||     2
Armor: Leather armour    |    20 |    13 |    35 ||    68
Dodge: Dodged            |    70 |    46 |    76 ||   192

Table legend: (Time is in decaauts)
 A = Elapsed time spent in this place.
 B = Non-inter-level travel time spent in this place.
 C = Inter-level travel time spent in this place.
 D = Time resting spent in this place.
 E = Time spent auto-exploring this place.
 F = Levels seen in this place.
 G = Mean time per level.
                   A        B        C        D        E       F      G
               +--------+--------+--------+--------+--------+-----+--------+
         Total |   7560 |   7319 |    241 |     78 |   6117 |   8 |  945.0 |
       Dungeon |   7302 |   7061 |    241 |     78 |   5986 |   7 | 1043.1 |
       Ossuary |    257 |    257 |      0 |      0 |    131 |   1 |  257.0 |
               +--------+--------+--------+--------+--------+-----+--------+

Top non-repeatable levels by time:
     D:6: 1616 daAuts
     D:5: 1303 daAuts
     D:1: 1180 daAuts
     D:2: 1077 daAuts
     D:4: 852 daAuts
     D:3: 725 daAuts
     D:7: 547 daAuts
 Ossuary: 257 daAuts
